 Dungeon Crawl Stone Soup version 0.31.0-32-g396128a36d (webtiles) character file.

Game seed: 2670881824192587262

132 hawla the Firebug (level 4, -3/24 HPs)
             Began as a Deep Elf Fire Elementalist on Apr 17, 2024.
             Slain by a gnoll
             ... wielding a +0 flail
              (9 damage)
             ... on level 2 of the Dungeon.
             The game lasted 00:05:15 (1908 turns).

hawla the Firebug (Deep Elf Fire Elementalist)      Turns: 1908, Time: 00:05:15

Health: -3/24      AC:  2    Str:  5    XL:     4   Next: 92%
Magic:  0/10       EV: 12    Int: 22    God:
Gold:   36         SH:  0    Dex: 15    Spells: 2/9 levels left

rFire   . . .        (no weapon)
rCold   . . .        (no shield)
rNeg    . . .        a - +0 robe
rPois   .            (no helmet)
rElec   .            (no cloak)
rCorr   .            (no gloves)
SInv    .            (no boots)
Will    .....        (no amulet)
Stlth   ++           (no ring)
HPRegen 0.24/turn    (no ring)
MPRegen 0.12/turn

%: no passive effects
@: no status effects
A: no striking features
a: no special abilities


You were on level 2 of the Dungeon.
You visited 1 branch of the dungeon, and saw 2 of its levels.

You collected 36 gold pieces.

Inventory:

Armour
 a - a +0 robe (worn)
Scrolls
 c - a scroll of revelation {unknown}
 d - a scroll of identify {unknown}
 e - 2 scrolls of immolation {unknown}
 i - a scroll of enchant weapon {unknown}
 j - a scroll of poison {unknown}
Potions
 f - a potion of curing
 g - a potion of brilliance {unknown}
 h - a potion of ambrosia {unknown}


   Skills:
 - Level 2.4 Dodging
 - Level 2.4 Stealth
 - Level 3.0 Spellcasting
 - Level 1.1 Conjurations
 + Level 6.2 Fire Magic


You had 2 spell levels left.
You knew the following spells:

 Your Spells              Type           Power      Damage    Failure   Level
a - Foxfire               Conj/Fire      76%        2x1d7     2%          1
b - Scorch                Fire           60%        2d7       1%          2
c - Flame Wave            Conj/Fire      19%        2d7       26%         4

Your spell library contained the following spells:

 Spells                   Type           Power      Damage    Failure   Level
 Inner Flame              Hex/Fire       17%        N/A       11%         3
 Volatile Blastmotes      Fire/Tloc      34%        2d12      11%         3
 Hailstorm                Conj/Ice       5%         3d5       30%         3
 Summon Ice Beast         Ice/Summ       3%         N/A       36%         3
 Sculpt Simulacrum        Ice/Alch       1%         N/A       100%        6


Dungeon Overview and Level Annotations

Branches:
Dungeon (2/15)

Altars:


Message History

Press: ? - help, Dir - look around, f - activate A wave of flame ripples out!
The flame wave engulfs the gnoll!
The gnoll is burned terribly!
You kill the gnoll! (Press . to intensify the flame waves.)
You hear a shout!
A gnoll comes into view. It is wielding a +0 flail.
Casting: Flame Wave (astonishingly dangerous; 28% risk of failure)
Confirm with . or Enter, or press ? or * to list all spells.
You conjure some foxfire!
Casting: Foxfire (safe; 2% risk of failure)
Confirm with . or Enter, or press ? or * to list all spells.
You conjure some foxfire!
The foxfire hits the gnoll!
You kill the gnoll!
The foxfire hits the gnoll but does no damage.
The foxfire hits the gnoll.
The gnoll is moderately wounded.
Casting: Foxfire (safe; 2% risk of failure)
Confirm with . or Enter, or press ? or * to list all spells.
You conjure some foxfire!
The foxfire hits the gnoll.
The gnoll is heavily wounded.
The foxfire hits the gnoll.
The gnoll is severely wounded.
Found a whip.
The gnoll attacks as it pursues you! The gnoll hits you with a +0 flail.
The gnoll attacks as it pursues you! The gnoll hits you with a +0 flail.
Casting: Foxfire (safe; 2% risk of failure)
Confirm with . or Enter, or press ? or * to list all spells.
You conjure some foxfire!
The gnoll hits you with a +0 flail!
Ouch! That really hurt!
* * * LOW HITPOINT WARNING * * *
The foxfire hits the gnoll.
The gnoll is almost dead.
The foxfire hits the gnoll.
The gnoll is lightly wounded.
It was a potion of curing.
You feel better. The gnoll hits you with a +0 flail!
* * * LOW HITPOINT WARNING * * *
The gnoll hits you with a +0 flail!
You die...

## .###### ###########
.##...# #........)#
.##...# #.........#
.##...######[........#
..........)....!.....#
.##....##.##....§....#
.##...###......g@....#
......##..##)..g.....#
###...##..##.........#
# ######..##.........#
..############# ### .
. .#.....## #.#.#
.§......## ..#.#
#........#


You could see 2 gnolls.

Vanquished Creatures
  6 gnolls (D:2)
  2 adders (D:2)
  3 dart slugs
  2 ribbon worms (D:2)
  3 endoplasms
  2 giant cockroaches
  3 goblins (D:2)
  3 hobgoblins
  5 jackals (D:1)
  5 kobolds
  2 quokkas
  A ball python (D:1)
  5 bats
  6 rats
48 creatures vanquished.

Vanquished Creatures (others)
  145 foxfires
145 creatures vanquished.

Grand Total: 193 creatures vanquished

Notes
Turn   | Place    | Note
-------+----------+-------------------------------------------
     0 | D:1      | hawla the Deep Elf Fire Elementalist began the quest for
                  | the Orb.
     0 | D:1      | Reached XP level 1. HP: 10/10 MP: 6/6
   309 | D:1      | Reached skill level 4 in Fire Magic
   309 | D:1      | Reached XP level 2. HP: 7/15 MP: 4/8
   312 | D:1      | Learned a level 2 spell: Scorch
  1117 | D:2      | Reached XP level 3. HP: 19/19 MP: 4/9
  1252 | D:2      | Reached skill level 5 in Fire Magic
  1352 | D:2      | Identified the +7 short sword of the Sky {antimagic, rF+
                  | rN+ Will+ rCorr Dex-2}
  1600 | D:2      | Reached XP level 4. HP: 24/24 MP: 0/10
  1605 | D:2      | Learned a level 4 spell: Flame Wave
  1814 | D:2      | Reached skill level 6 in Fire Magic
  1908 | D:2      | Slain by a gnoll

Illustrated notes

Levels and vault maps discovered:
D:1:      dpeg_arrival_shrine, layout_basic
D:2:      layout_rooms, serial_bayou_pond_d, chequers_serial_rivers_large_b,
          skrybe_limestone_x, nicolae_grassy_gnolls

Skill      XL: |  1  2  3  4 |
---------------+-------------+-----
Fire Magic     | 4 5 6 |  6.2
Dodging        | |  2.4
Stealth        | |  2.4
Spellcasting   | |  3.0
Conjurations   | |  1.1

Action                     |  1- 3 |  4- 6 || total
---------------------------+-------+-------++-------
  Melee: Unarmed           |     8 |       ||     8
   Cast: Foxfire           |    67 |    19 ||    86
         Scorch            |     8 |     6 ||    14
         Flame Wave        |       |     1 ||     1
    Use: Potion            |       |     2 ||     2
 Armour: Robe              |     8 |     6 ||    14
  Dodge: Dodged            |     9 |     3 ||    12
